SNL (28 & UNDER)
BLACKIRON DRAGONS @ NEW HAMPSHIRE FISHER CATS
05/03/2024
 
TOP OF THE 1ST
BlackIron Dragons batting - Pitching for New Hampshire Fisher Cats : LHP George Colgan
Pitching: LHP George Colgan
Batting: RHB Gil Palmer 0-0: Ball
1-0: Ball
2-0: Ground out 5-3 (Groundball, 56S)
Batting: RHB Boyd Pittman 0-0: SINGLE (Groundball, 34D) (infield hit)
Batting: RHB José Colón Pickoff Throw to First - Error! E1
Boyd Pittman to second
0-0: Foul Ball, location: 2F
0-1: Foul Ball, location: 2F
0-2: Ball
1-2: Foul Ball, location: 2F
1-2: Fly out, F4 (Popup, 9LS)
Batting: RHB Leroy Jamison 0-0: Called Strike
0-1: Ball
1-1: Foul Ball, location: 2F
1-2: Strikes out looking
Top of the 1st over - 0 run(s), 1 hit(s), 1 error(s), 1 left on base; BlackIron 0 - New Hampshire 0
BOTTOM OF THE 1ST
New Hampshire Fisher Cats batting - Pitching for BlackIron Dragons : RHP Bill McKinney
Pitching: RHP Bill McKinney
Batting: LHB Héctor Rentería 0-0: Ball
1-0: Ball
2-0: Called Strike
2-1: Foul Ball, location: 2F
2-2: Ball
3-2: Ground out U3 (Groundball, 3)
Batting: RHB Tim Robertson 0-0: Ball
1-0: Foul Ball, location: 2F
1-1: Ball
2-1: Swinging Strike
2-2: SINGLE (Groundball, 4M)
Batting: RHB Billy Campbell 0-0: Called Strike
0-1: SINGLE (Line Drive, 8LS)
Tim Robertson to second
Batting: RHB Phil Matthews 0-0: Called Strike
0-1: Swinging Strike
0-2: Ball
1-2: Foul Ball, location: 2F
1-2: SINGLE (Groundball, 25) (infield hit)
Tim Robertson to third
Billy Campbell to second
Batting: LHB Don Ramey 0-0: Ball
1-0: Ball
2-0: Ball
3-0: Foul Ball, location: 2F
3-1: Foul Ball, location: 2F
3-2: Base on Balls
Tim Robertson scores
Billy Campbell to third
Phil Matthews to second
Batting: RHB Benjamin Lawson 0-0: Ball
1-0: Foul Ball, location: 2F
1-1: Swinging Strike
1-2: Strikes out swinging
Batting: RHB Anthony Hezell 0-0: Ball
1-0: Fly out, F6 (Popup, 6MD)
Bottom of the 1st over - 1 run(s), 3 hit(s), 0 error(s), 3 left on base; BlackIron 0 - New Hampshire 1
TOP OF THE 2ND
BlackIron Dragons batting - Pitching for New Hampshire Fisher Cats : LHP George Colgan
Batting: RHB Edgardo Carrasco 0-0: Ball
1-0: Foul Ball, location: 2F
1-1: Ball
2-1: Foul Ball, location: 2F
2-2: Strikes out swinging
Batting: RHB Joaquín Rosales 0-0: Ball
1-0: Ball
2-0: Swinging Strike
2-1: Ball
3-1: Base on Balls
Batting: SHB Rick Turner 0-0: Called Strike
0-1: Called Strike
Joaquín Rosales is caught stealing 2nd base
0-2: Strikes out looking
Top of the 2nd over - 0 run(s), 0 hit(s), 0 error(s), 0 left on base; BlackIron 0 - New Hampshire 1
BOTTOM OF THE 2ND
New Hampshire Fisher Cats batting - Pitching for BlackIron Dragons : RHP Bill McKinney
Batting: RHB Gilberto Guzmán 0-0: Called Strike
0-1: Called Strike
0-2: Fly out, F2 (Popup, 23F)
Batting: RHB Santiago Vallés 0-0: Foul Ball, location: 2F
0-1: Called Strike
0-2: Ball
1-2: Ball
2-2: SOLO HOME RUN (Flyball, 7LD), Distance : 379 ft
Batting: LHB Héctor Rentería 0-0: Called Strike
0-1: Ball
1-1: Called Strike
1-2: Ground out 4-3 (Groundball, 4)
Batting: RHB Tim Robertson 0-0: Called Strike
0-1: Fly out, F4 (Popup, 34D)
Bottom of the 2nd over - 1 run(s), 1 hit(s), 0 error(s), 0 left on base; BlackIron 0 - New Hampshire 2
TOP OF THE 3RD
BlackIron Dragons batting - Pitching for New Hampshire Fisher Cats : LHP George Colgan
Batting: RHB Alfredo Rangel 0-0: Ball
1-0: TRIPLE (Flyball, 78D)
Batting: LHB Culley Vaughan 0-0: Ball
1-0: Called Strike
1-1: Ground out 4-3 (Groundball, 4)
Alfredo Rangel scores
Batting: RHB Gil Palmer 0-0: Foul Ball, location: 2F
0-1: Called Strike
0-2: Foul Ball, location: 2F
0-2: Ground out 6-3 (Groundball, 6)
Batting: RHB Boyd Pittman 0-0: Called Strike
0-1: Ball
1-1: Fly out, F9 (Line Drive, 9M)
Top of the 3rd over - 1 run(s), 1 hit(s), 0 error(s), 0 left on base; BlackIron 1 - New Hampshire 2
BOTTOM OF THE 3RD
New Hampshire Fisher Cats batting - Pitching for BlackIron Dragons : RHP Bill McKinney
Batting: RHB Billy Campbell 0-0: Ball
1-0: SINGLE (Line Drive, 6D)
Batting: RHB Phil Matthews 0-0: Ball
1-0: Ball
2-0: Ball
3-0: Called Strike
3-1: Fly out, F9 (Flyball, 9M)
Batting: LHB Don Ramey 0-0: Called Strike
0-1: Ball
1-1: Swinging Strike
1-2: Strikes out swinging
Batting: RHB Benjamin Lawson 0-0: Ball
1-0: Foul Ball, location: 2F
1-1: Fly out, F8 (Flyball, 8LD)
Bottom of the 3rd over - 0 run(s), 1 hit(s), 0 error(s), 1 left on base; BlackIron 1 - New Hampshire 2
TOP OF THE 4TH
BlackIron Dragons batting - Pitching for New Hampshire Fisher Cats : LHP George Colgan
Batting: RHB José Colón 0-0: Ball
1-0: Ball
2-0: Ball
3-0: Called Strike
3-1: Called Strike
3-2: Fly out, F8 (Flyball, 8LM)
Batting: RHB Leroy Jamison 0-0: Foul Ball, location: 2F
0-1: Ball
1-1: Ball
2-1: Ball
3-1: Foul Ball, location: 2F
3-2: Strikes out looking
Batting: RHB Edgardo Carrasco 0-0: Ball
1-0: Called Strike
1-1: Ball
2-1: Foul Ball, location: 2F
2-2: Ball
3-2: Ground out 6-3 (Groundball, 6)
Top of the 4th over - 0 run(s), 0 hit(s), 0 error(s), 0 left on base; BlackIron 1 - New Hampshire 2
BOTTOM OF THE 4TH
New Hampshire Fisher Cats batting - Pitching for BlackIron Dragons : RHP Bill McKinney
Batting: RHB Anthony Hezell 0-0: Called Strike
0-1: Foul Ball, location: 2F
0-2: Ball
1-2: Strikes out swinging
Batting: RHB Gilberto Guzmán 0-0: Ball
1-0: Swinging Strike
1-1: Foul Ball, location: 2F
1-2: Strikes out swinging
Batting: RHB Santiago Vallés 0-0: Called Strike
0-1: Called Strike
0-2: Fly out, F7 (Flyball, 7D)
Bottom of the 4th over - 0 run(s), 0 hit(s), 0 error(s), 0 left on base; BlackIron 1 - New Hampshire 2
TOP OF THE 5TH
BlackIron Dragons batting - Pitching for New Hampshire Fisher Cats : LHP George Colgan
Batting: RHB Joaquín Rosales 0-0: Ground out 1-3 (Groundball, 15)
Batting: SHB Rick Turner 0-0: Called Strike
0-1: Ball
1-1: Ball
2-1: Ball
3-1: Ground out 3-1 (Groundball, 3L)
Batting: RHB Alfredo Rangel 0-0: Called Strike
0-1: Ball
1-1: Swinging Strike
1-2: Ground out 4-3 (Groundball, 4)
Top of the 5th over - 0 run(s), 0 hit(s), 0 error(s), 0 left on base; BlackIron 1 - New Hampshire 2
BOTTOM OF THE 5TH
New Hampshire Fisher Cats batting - Pitching for BlackIron Dragons : RHP Bill McKinney
Batting: LHB Héctor Rentería 0-0: Ball
1-0: DOUBLE (Line Drive, 8RXD)
Batting: RHB Tim Robertson 0-0: Called Strike
0-1: Ball
1-1: Hit by Pitch
Batting: RHB Billy Campbell 0-0: Ball
1-0: Ball
2-0: Ball
3-0: Base on Balls
Héctor Rentería to third
Tim Robertson to second
Batting: RHB Phil Matthews 0-0: Called Strike
0-1: SINGLE (Groundball, 6MD)
Héctor Rentería scores
Tim Robertson to third
Billy Campbell to second
Batting: LHB Don Ramey 0-0: Called Strike
0-1: Fly out, F8 (Flyball, 8LM)
Batting: RHB Benjamin Lawson 0-0: Fly out, F8 (Line Drive, 8LM)
Runner from 3rd tags up, SCORES, throw made
Batting: RHB Anthony Hezell 0-0: Called Strike
0-1: Fly out, F7 (Flyball, 78XD)
Bottom of the 5th over - 2 run(s), 2 hit(s), 0 error(s), 2 left on base; BlackIron 1 - New Hampshire 4
TOP OF THE 6TH
BlackIron Dragons batting - Pitching for New Hampshire Fisher Cats : LHP George Colgan
Pitching: RHP Takechi Sayuki
Batting: LHB Culley Vaughan 0-0: Swinging Strike
0-1: Ball
1-1: Called Strike
1-2: Strikes out looking
Batting: RHB Gil Palmer 0-0: Ball
1-0: Called Strike
1-1: Ball
2-1: Swinging Strike
2-2: Foul Ball, location: 2F
2-2: Strikes out looking
Batting: RHB Boyd Pittman 0-0: Called Strike
0-1: Fly out, F8 (Line Drive, 8LS)
Top of the 6th over - 0 run(s), 0 hit(s), 0 error(s), 0 left on base; BlackIron 1 - New Hampshire 4
BOTTOM OF THE 6TH
New Hampshire Fisher Cats batting - Pitching for BlackIron Dragons : RHP Bill McKinney
Batting: RHB Gilberto Guzmán 0-0: Foul Ball, location: 2F
0-1: Called Strike
0-2: Strikes out looking
Batting: RHB Santiago Vallés 0-0: Called Strike
0-1: Ball
1-1: TRIPLE (Flyball, 9LM)
Batting: LHB Héctor Rentería 0-0: Intentional Walk
Pitching: LHP Frederick Cesti
Batting: RHB Tim Robertson 0-0: Called Strike
0-1: Foul Ball, location: 2F
0-2: Ball
1-2: SINGLE (Popup, 9LS)
Santiago Vallés scores
Héctor Rentería to second
Runner from 2nd tries for 3rd, SAFE, no throw or cutoff
Batting: RHB Billy Campbell 0-0: Ball
1-0: Ball
2-0: Ball
3-0: Foul Ball, location: 2F
3-1: Swinging Strike
3-2: Foul Ball, location: 2F
3-2: Foul Ball, location: 2F
3-2: Foul Ball, location: 2F
3-2: Base on Balls
Tim Robertson to second
Batting: RHB Phil Matthews 0-0: Ball
1-0: Ball
2-0: Fly out, F8 (Flyball, 8LM)
Runner from 3rd tags up, SCORES, no throw
Batting: LHB Don Ramey 0-0: Swinging Strike
0-1: Called Strike
0-2: Ball
1-2: Foul Ball, location: 2F
1-2: Fly out, F5 (Popup, 5F)
Bottom of the 6th over - 2 run(s), 2 hit(s), 0 error(s), 2 left on base; BlackIron 1 - New Hampshire 6
TOP OF THE 7TH
BlackIron Dragons batting - Pitching for New Hampshire Fisher Cats : RHP Takechi Sayuki
Batting: RHB José Colón 0-0: Called Strike
0-1: Ball
1-1: Ball
2-1: SINGLE (Groundball, 56)
Batting: RHB Leroy Jamison 0-0: Swinging Strike
0-1: Swinging Strike
0-2: Strikes out looking
Batting: RHB Edgardo Carrasco 0-0: Ball
1-0: Ball
2-0: Foul Ball, location: 2F
2-1: Ball
3-1: Base on Balls
José Colón to second
Batting: RHB Joaquín Rosales 0-0: Fly out, F7 (Flyball, 78M)
Batting: SHB Rick Turner 0-0: Foul Ball, location: 2F
0-1: Swinging Strike
0-2: Ball
1-2: Strikes out swinging
Top of the 7th over - 0 run(s), 1 hit(s), 0 error(s), 2 left on base; BlackIron 1 - New Hampshire 6
BOTTOM OF THE 7TH
New Hampshire Fisher Cats batting - Pitching for BlackIron Dragons : LHP Frederick Cesti
Batting: RHB Benjamin Lawson 0-0: Fly out, F3 (Popup, 4S)
Batting: RHB Anthony Hezell 0-0: Called Strike
0-1: Ball
1-1: Ball
2-1: Foul Ball, location: 2F
2-2: Ball
3-2: Base on Balls
Batting: RHB Gilberto Guzmán 0-0: Ball
1-0: Called Strike
1-1: Ball
2-1: Foul Ball, location: 2F
2-2: Strikes out swinging
Batting: RHB Santiago Vallés 0-0: Ball
1-0: Ball
2-0: Swinging Strike
2-1: Called Strike
2-2: Ball
3-2: Foul Ball, location: 2F
3-2: Base on Balls
Anthony Hezell to second
Batting: LHB Héctor Rentería 0-0: Ball
1-0: Ball
2-0: Ball
3-0: Base on Balls
Anthony Hezell to third
Santiago Vallés to second
Pitching: RHP Bret McJannett
Batting: RHB Tim Robertson 0-0: Ball
1-0: Ball
2-0: Fly out, F3 (Popup, 3SF)
Bottom of the 7th over - 0 run(s), 0 hit(s), 0 error(s), 3 left on base; BlackIron 1 - New Hampshire 6
TOP OF THE 8TH
BlackIron Dragons batting - Pitching for New Hampshire Fisher Cats : RHP Takechi Sayuki
Pitching: LHP Steve Paredes
Now at 2B: Cam Flowers
Batting: RHB Alfredo Rangel 0-0: Ball
1-0: Called Strike
1-1: Ground out 6-3 (Groundball, 6)
Batting: LHB Culley Vaughan 0-0: Foul Ball, location: 2F
0-1: Called Strike
0-2: Ball
1-2: Foul Ball, location: 2F
1-2: Fly out, F9 (Flyball, 9M)
Batting: RHB Gil Palmer 0-0: Fly out, F8 (Line Drive, 8LM)
Top of the 8th over - 0 run(s), 0 hit(s), 0 error(s), 0 left on base; BlackIron 1 - New Hampshire 6
BOTTOM OF THE 8TH
New Hampshire Fisher Cats batting - Pitching for BlackIron Dragons : RHP Bret McJannett
Batting: RHB Billy Campbell 0-0: Swinging Strike
0-1: Called Strike
0-2: Ground out 1-3 (Groundball, 15)
Batting: RHB Phil Matthews 0-0: Called Strike
0-1: Ball
1-1: Fly out, F8 (Flyball, 8RM)
Batting: LHB Don Ramey 0-0: Called Strike
0-1: Foul Ball, location: 2F
0-2: Ground out 6-3 (Groundball, 6)
Bottom of the 8th over - 0 run(s), 0 hit(s), 0 error(s), 0 left on base; BlackIron 1 - New Hampshire 6
TOP OF THE 9TH
BlackIron Dragons batting - Pitching for New Hampshire Fisher Cats : LHP Steve Paredes
Now at 3B: Júlio Trinidad
Batting: RHB Boyd Pittman 0-0: Called Strike
0-1: Fly out, F8 (Flyball, 78M)
Batting: RHB José Colón 0-0: Swinging Strike
0-1: Ball
1-1: Foul Ball, location: 2F
1-2: Foul Ball, location: 2F
1-2: Ball
2-2: Fly out, F8 (Flyball, 78M)
Batting: RHB Leroy Jamison 0-0: Foul Ball, location: 2F
0-1: Ball
1-1: Ball
2-1: Called Strike
2-2: Ground out 4-3 (Groundball, 34)
Top of the 9th over - 0 run(s), 0 hit(s), 0 error(s), 0 left on base; BlackIron 1 - New Hampshire 6
This league is powered by Out of the Park Baseball, the baseball management simulation game for PC, Mac and Linux
Saturday, April 9th, 2016 - OOTP Baseball 16.8 Build 38